 Dungeon Crawl Stone Soup version 0.30-a0-1-g69b7b797bf (webtiles) character file.

Game seed: 6667665496448058651

99586 GreatBamboolord the Severer (level 15, 0/133 HPs)
             Began as a Palentonga Fighter on Aug 17, 2022.
             Was the Champion of Okawaru.
             Killed from afar by Aizul (18 damage)
             ... with a bolt of poison
             ... on level 1 of the Snake Pit on Aug 19, 2022.
             The game lasted 01:20:58 (28629 turns).

GreatBamboolord the Severer (Palentonga Fighter)   Turns: 28629, Time: 01:20:59

Health: 0/133      AC: 50    Str: 27    XL:     15   Next: 78%
Magic:  9/22       EV: 11    Int:  9    God:    Okawaru [******]
Gold:   2149       SH: 20    Dex: 14    Spells: 14/14 levels left

rFire   . . .      SeeInvis +    a - +1 broad axe (vamp)
rCold   + . .      Faith    .    L - +2 kite shield {AC+3}
rNeg    . . .      Spirit   .    D - +10 plate armour "Astrud" {Dex+3}
rPois   .          Reflect  +    P - +2 hat
rElec   .          Harm     .    f - +0 cloak
rCorr   .          Rampage  .    U - +0 pair of gloves
Will    +....                    h - +2 barding
Stlth   ..........               O - amulet of reflection
HPRegen 0.32/turn                F - ring of protection from cold
MPRegen 0.18/turn                J - +4 ring of evasion

@: lethally poisoned (0 -> -20), heroic, finesse-ful, curled up
A: large, rugged brown scales 3, see invisible, deformed body, roll 1, armoured
tail, reflexive curl
a: Rolling Charge, Renounce Religion, Heroism, Finesse, Duel


You were on level 1 of the Snake Pit.
You worshipped Okawaru.
Okawaru was exalted by your worship.
You visited 8 branches of the dungeon, and saw 27 of its levels.
You also visited: Ice Cave.

You collected 2570 gold pieces.
You spent 421 gold pieces at shops.

Inventory:

Hand Weapons
 a - a +1 vampiric broad axe (weapon)
 b - a +1 broad axe of holy wrath
 M - a +2 halberd of flaming
Missiles
 T - 8 throwing nets
Armour
 e - a +1 barding of flying
 f - a +0 cloak (worn)
 h - a +2 barding (worn)
 D - the +10 plate armour "Astrud" (worn) {Dex+3}
   (You found it on level 3 of the Dungeon)

   Dex:       It affects your dexterity (+3).
 L - a +2 kite shield of protection (worn)
 P - a +2 hat (worn)
 U - a +0 pair of gloves (worn)
Jewellery
 c - a ring of willpower
 u - an amulet of magic regeneration
 z - a ring of ice
 F - a ring of protection from cold (left hand)
 I - a +6 ring of strength
 J - a +4 ring of evasion (right hand)
 N - an amulet of regeneration
 O - an amulet of reflection (around neck)
 Q - a +6 ring of dexterity
 R - a ring of fire
Wands
 d - a wand of mindburst (12)
 r - a wand of flame (28)
 w - a wand of roots (24)
 V - a wand of polymorph (20)
 W - a wand of quicksilver (2)
 Y - a wand of digging (8)
Scrolls
 g - 5 scrolls of magic mapping
 l - 3 scrolls of fear
 m - 3 scrolls of torment
 q - 7 scrolls of fog
 v - 11 scrolls of immolation
 y - 4 scrolls of teleportation
 A - a scroll of blinking
 H - 2 scrolls of poison
 S - 2 scrolls of enchant armour
Potions
 i - 4 potions of ambrosia
 j - a potion of attraction {unknown}
 k - a potion of magic {unknown}
 n - 2 potions of invisibility
 o - 2 potions of curing
 p - a potion of cancellation
 s - 3 potions of lignification
 t - 8 potions of mutation
 x - 6 potions of brilliance
 B - 3 potions of berserk rage
 C - 4 potions of haste
 E - 3 potions of flight
 X - 2 potions of might


   Skills:
 * Level 13.9(18.9) Fighting
 * Level 16.0(21.0) Axes
 * Level 11.6(16.6) Armour
 - Level 5.0(10.0) Dodging
 * Level 10.6(15.6) Shields
 * Level 9.3 Invocations


You had 14 spell levels left.
You didn't know any spells.
Your spell library contained the following spells:

 Spells                   Type           Power      Damage    Failure   Level
 Magic Dart               Conj           0%         1d3       98%         1
 Necrotise                Necr           0%         1d4       98%         1
 Scorch                   Fire           0%         2d5       99%         2
 Searing Ray              Conj           0%         2d4       99%         2
 Static Discharge         Conj/Air       0%         3-3/arc   99%         2
 Gell's Gravitas          Tloc           0%         N/A       100%        3
 Lesser Beckoning         Tloc           0%         N/A       100%        3
 Teleport Other           Tloc           0%         N/A       100%        3
 Vampiric Draining        Necr           0%         2d6       100%        3
 Dispel Undead            Necr           0%         3d6       100%        4
 Flame Wave               Conj/Fire      0%         2d4       100%        4
 Fulminant Prism          Conj/Hex       0%         3d6       100%        4
 Iskenderun's Mystic Bla  Conj/Tloc      0%         2d3       100%        4
 Leda's Liquefaction      Hex/Erth       0%         N/A       100%        4
 Sticky Flame             Conj/Fire      0%         2d3       100%        4
 Agony                    Necr           0%         N/A       100%        5
 Alistair's Intoxication  Tmut/Pois      0%         N/A       100%        5
 Borgnjor's Vile Clutch   Necr/Erth      0%         N/A       100%        5
 Lee's Rapid Deconstruct  Erth           0%         3d5*      100%        5
 Eringya's Noxious Bog    Tmut/Pois      0%         N/A       100%        6
 Statue Form              Tmut/Erth      0%         N/A       100%        6
 Summon Cactus Giant      Summ           Unusable   N/A       N/A         6

Dungeon Overview and Level Annotations

Branches:
Dungeon (15/15)            Temple (1/1) D:7            Lair (5/5) D:8
  Swamp (1/4) Lair:2        Snake (1/4) Lair:2        Slime (1/5) Lair:5
    Orc (2/2) D:10            Elf (1/3) Orc:2        Vaults (0/5) D:14
 Depths (0/4) D:15          IceCv (visited)

Altars:
Ashenzari
Cheibriados
Dithmenos
Elyvilon
Fedhas
Gozag
Hepliaklqana
Kikubaaqudgha
Makhleb
Nemelex Xobeh
Okawaru
Ru
Sif Muna
Trog
Uskayaw
Vehumet
Wu Jian
Xom
Yredelemnul
Zin
The Shining One
Lugonu

Shops:
Orc:2 :(*

Portals:
Abyss: Lair:5
Trove: D:10 (show abyssal rune of Zot)

Annotations:
D:14 Roxanne
Lair:3 5 runed translucent doors
Snake:1 Aizul
Orc:1 Maurice


Innate Abilities, Weirdness & Mutations

You are completely covered in rugged brown scales. (AC +3, +7% HP)
You have supernaturally acute eyesight. (SInv)
Armour fits poorly on your strangely shaped body.
You can roll at nearby foes to attack.
You have a long armoured tail.
You curl defensively after being hit. (AC +7*)


Message History

The mana viper barely misses you.
You barely miss the mana viper.
Your tail-slap misses the mana viper.
The mana viper is almost dead.
You feel very sick. Aizul casts a spell at you. The poison arrow hits you!!
You are more poisoned.
The mana viper bites you.
You feel your power leaking away.
You feel extremely sick. You block the mana viper's attack.
Things that are here:
a +0 spear; a salamander corpse You feel extremely sick.
The mana viper bites you but does no damage.
You feel better. You block the mana viper's attack.
You gain the combat prowess of a mighty hero.
You block the mana viper's attack. Aizul casts a spell at you.
The bolt of poison hits the mana viper!
The mana viper dies!
The bolt of poison hits you!!!
You are poisoned.
* * * LOW HITPOINT WARNING * * *
You feel better.
You can now deal lightning-fast blows.
Aizul casts a spell at you. The poison arrow misses you.
Aizul attacks as you move away! Aizul hits you.
* * * LOW HITPOINT WARNING * * *
Aizul coils herself and waves her upper body at you.
The bolt of poison hits you!!
You are poisoned.
* * * LOW HITPOINT WARNING * * *
There is a staircase back to the Lair here.
You feel better.
Aizul coils herself and waves her upper body at you.
The bolt of poison hits you!!
You are lethally poisoned!
You die...

##..## #....###
##.^.#.. ###.....#
##.......# #.......#
##....## # #
##..#S..#.#
#.##.S##..@.#.##
#..#..)##........#
#..$..))........#
#................#..
#.....>...........# .
....................
..##.#.#"#.........).
. #.#.#.##...........
....... .^....##..#


You could see Aizul.

Vanquished Creatures
  Saint Roka (Orc:2)
  Frances (D:13)
  An orc warlord (Orc:2)
  A white draconian (IceCv)
  Josephine (D:15)
  2 fire dragons (D:15)
  Harold (Orc:1)
  An ice dragon (D:15)
  7 hydras
  A vault guard (D:14)
  2 boulder beetles (D:14)
  An ogre mage (D:15)
  10 two-headed ogres
  6 centaur warriors
  Erica (Lair:2)
  2 tengu warriors (D:15)
  2 orc high priests (Orc:2)
  3 thrashing horrors (Lair:5)
  A deep elf knight (Elf:1)
  3 skeletal warriors (D:15)
  2 lindwurms (Lair:5)
  The ghost of Asher535 the Trooper, a novice HOFi (D:6)
  3 orc knights
  10 ugly things
  An oklob plant (Lair:3)
  5 deep elf pyromancers
  3 deep elf zephyrmancers (Elf:1)
  A mana viper (shapeshifter) (D:14)
  7 cyclopes
  A salamander (Snake:1)
  7 orc sorcerers
  A large abomination (Lair:5)
  2 manticores (D:15)
  A naga mage (Snake:1)
  2 ice statues (IceCv)
  3 black mambas
  16 elephants
  A torpor snail (Lair:3)
  2 smoke demons (Lair:5)
  Maggie (D:9)
  2 unseen horrors
  A kobold demonologist (D:12)
  16 cane toads
  An efreet (D:13)
  5 komodo dragons
  6 rime drakes
  4 tengu conjurers
  4 meliai
  7 trolls
  2 ancient zymes (Lair:5)
  A hornet (D:9)
  3 polar bears
  20 blink frogs
  5 slime creatures (D:12)
  2 jumping spiders (Lair:3)
  3 air elementals
  Sigmund (D:4)
  A centaur simulacrum (D:14)
  2 spriggans (Lair:5)
  2 vampires
  3 shadows
  3 wyverns
  2 ynoxinuls (Lair:5)
  5 basilisks
  8 small abominations (Lair:5)
  40 yaks
  6 wraiths
  6 humans (D:8)
  4 vampire mosquitoes
  4 wargs (Orc:2)
  Menkaure (D:5)
  A death yak simulacrum (Lair:3)
  2 chaos spawn (Lair:5)
  A two-headed ogre zombie (D:10)
  An acid dragon (D:14)
  8 water moccasins
  2 black bears
  28 orc warriors
  4 ice beasts
  11 ogres
  12 wolves
  9 centaurs
  4 phantoms (D:5)
  5 kobold brigands
  13 bullfrogs
  3 gnoll sergeants
  3 necrophages
  4 scorpions
  13 wights
  10 killer bees
  An elephant simulacrum (Lair:3)
  6 lindwurm simulacra (IceCv)
  3 electric eels (D:11)
  10 howler monkeys
  6 hounds
  6 komodo dragon simulacra (IceCv)
  2 jellies (D:5)
  13 orc priests
  Crazy Yiuf (D:2)
  2 gnoll boudas
  Jessica (D:2)
  3 iguanas
  18 orc wizards
  6 hell rats (Lair:4)
  A polar bear simulacrum (Lair:3)
  7 ogre zombies (D:10)
  19 gnolls
  3 acid dragon simulacra (IceCv)
  13 adders
  2 shadow imps
  A white imp (D:7)
  2 ufetubi (D:5)
  6 steam dragon simulacra (IceCv)
  A worm (D:2)
  2 dart slugs
  50 orcs
  7 ball pythons
  3 bats
  8 endoplasms
  A giant cockroach (D:4)
  7 goblins
  3 hobgoblins
  6 jackals (D:1)
  5 quokkas
  5 frilled lizards
  A goblin skeleton (D:10)
  3 goblin zombies (D:10)
  2 hobgoblin skeletons (D:10)
  A hobgoblin zombie (D:10)
  31 kobolds
  4 orc skeletons (D:10)
  14 orc zombies (D:10)
  4 rats
  2 butterflies (Lair:3)
714 creatures vanquished.

Vanquished Creatures (others)
  A hydra (D:14)
  A mana viper (Snake:1)
  39 fungi
  55 plants
96 creatures vanquished.

Grand Total: 810 creatures vanquished

Notes
Turn   | Place    | Note
-------+----------+-------------------------------------------
     0 | D:1      | GreatBamboolord the Palentonga Fighter began the quest for
                  | the Orb.
     0 | D:1      | Reached XP level 1. HP: 19/19 MP: 1/1
   100 | D:1      | Reached XP level 2. HP: 22/25 MP: 2/2
   671 | D:1      | Reached XP level 3. HP: 31/31 MP: 3/3
   938 | D:1      | Found a faded altar of an unknown god.
  1211 | D:2      | Found a runed translucent door.
  1212 | D:2      | Noticed Crazy Yiuf
  1357 | D:2      | Noticed Jessica
  1362 | D:2      | Killed Jessica
  1363 | D:2      | Reached skill level 3 in Axes
  1458 | D:2      | Reached XP level 4. HP: 34/37 MP: 4/4
  1920 | D:2      | Killed Crazy Yiuf
  2140 | D:3      | Found an ancient bone altar of Kikubaaqudgha.
  2241 | D:3      | Reached skill level 1 in Dodging
  2252 | D:3      | Reached XP level 5. HP: 17/44 MP: 5/5
  2930 | D:3      | Identified the +10 plate armour "Astrud" {Dex+3}
  3022 | D:3      | Found a hide-covered altar of Uskayaw.
  3276 | D:4      | Noticed a black bear
  3281 | D:4      | Killed a black bear
  3282 | D:4      | Reached XP level 6. HP: 52/52 MP: 6/6
  3432 | D:4      | Noticed Sigmund
  3438 | D:4      | Killed Sigmund
  3439 | D:4      | Reached skill level 5 in Fighting
  3439 | D:4      | Gained mutation: You curl defensively after being hit. (AC
                  | +7*) [Palentonga growth]
  3439 | D:4      | Reached XP level 7. HP: 57/59 MP: 7/7
  3909 | D:5      | Entered Level 5 of the Dungeon
  4116 | D:5      | Reached skill level 5 in Dodging
  4282 | D:5      | Reached XP level 8. HP: 69/69 MP: 8/8
  4333 | D:5      | Reached skill level 4 in Axes
  4468 | D:5      | Reached skill level 5 in Axes
  4804 | D:5      | Noticed Menkaure
  4810 | D:5      | Killed Menkaure
  4979 | D:5      | Reached skill level 6 in Axes
  4985 | D:5      | Reached XP level 9. HP: 69/79 MP: 7/9
  5277 | D:6      | Found a shimmering blue altar of Sif Muna.
  5553 | D:6      | Found a runed translucent door.
  5559 | D:6      | Reached skill level 7 in Axes
  5575 | D:6      | Noticed Asher535's ghost (novice HOFi)
  5592 | D:6      | Killed Asher535's ghost
  5642 | D:6      | Reached skill level 8 in Axes
  6179 | D:7      | Found a staircase to the Ecumenical Temple.
  6223 | Temple   | Entered the Ecumenical Temple
  6265 | Temple   | Became a worshipper of Warmaster Okawaru
  6370 | D:7      | Reached XP level 10. HP: 86/87 MP: 10/10
  6435 | D:7      | Identified the +0 scimitar "Zuhah" {flame, Will+}
  6444 | D:7      | Reached skill level 9 in Axes
  7105 | D:8      | Found a radiant altar of Vehumet.
  7117 | D:8      | Identified the +4 scale mail of the Teacher {rN+ Str+3
                  | Int+6}
  7303 | D:8      | Reached * piety under Okawaru
  7413 | D:8      | Reached skill level 5 in Shields
  7419 | D:8      | Reached skill level 10 in Axes
  7705 | D:8      | Reached ** piety under Okawaru
  7984 | D:8      | Found a broken altar of Ashenzari.
  8034 | D:8      | Found a staircase to the Lair.
  8329 | D:9      | Noticed a two-headed ogre
  8484 | D:9      | Noticed Maggie
  8612 | Lair:1   | Entered Level 1 of the Lair of Beasts
  8645 | Lair:1   | Reached skill level 5 in Armour
  8654 | Lair:1   | Reached *** piety under Okawaru
  8696 | Lair:1   | Reached XP level 11. HP: 66/95 MP: 7/11
  8883 | Lair:1   | Reached skill level 11 in Axes
  8948 | Lair:1   | Reached **** piety under Okawaru
  9136 | Lair:1   | Reached skill level 10 in Fighting
  9137 | Lair:1   | Reached ***** piety under Okawaru
  9863 | Lair:1   | Noticed a five-headed hydra
  9949 | Lair:2   | Found a staircase to the Swamp.
 10251 | Lair:2   | Noticed Erica
 10260 | Lair:2   | Killed Erica
 10260 | Lair:2   | Received a gift from Okawaru
 10261 | Lair:2   | Reached skill level 12 in Axes
 10261 | Lair:2   | Reached skill level 1 in Invocations
 10360 | Lair:2   | Found a staircase to the Snake Pit.
 10626 | Lair:3   | Found a frozen archway.
 10630 | Lair:3   | Noticed an oklob plant
 11068 | Lair:3   | Reached XP level 12. HP: 104/104 MP: 14/14
 11363 | IceCv    | Entered an ice cave
 12104 | IceCv    | Noticed a white draconian
 12114 | IceCv    | Reached skill level 13 in Axes
 12129 | IceCv    | Killed a white draconian
 12689 | Lair:3   | Found a runed translucent door.
 12701 | Lair:3   | Identified the +4 whip "Haurchas" {vorpal, MP+9}
 12734 | Lair:3   | Found a runed translucent gate.
 12734 | Lair:3   | Found a runed translucent gate.
 12734 | Lair:3   | Found a runed translucent gate.
 12734 | Lair:3   | Found a runed translucent gate.
 12734 | Lair:3   | Found a runed translucent gate.
 12734 | Lair:3   | Noticed a boulder beetle
 13345 | Lair:4   | Reached skill level 5 in Invocations
 13404 | Lair:4   | Identified the +1 robe of Okawaru's Esteem {Fly rC+ Int+2}
                  | (Okawaru gifted it to you on level 4 of the Lair of Beasts)
 13404 | Lair:4   | Received a gift from Okawaru
 13442 | Lair:4   | You fall into a shaft and drop 1 floor!
 13442 | Lair:5   | Entered Level 5 of the Lair of Beasts
 13579 | Lair:5   | Reached ****** piety under Okawaru
 13820 | Lair:4   | Reached XP level 13. HP: 113/113 MP: 17/17
 14435 | D:10     | Entered Level 10 of the Dungeon
 14435 | D:10     | Found a portal to a secret trove of treasure.
 14475 | D:10     | Found a blossoming altar of Fedhas.
 14645 | D:10     | Found a staircase to the Orcish Mines.
 14745 | D:10     | Reached skill level 14 in Axes
 14918 | D:10     | Found a basalt altar of Yredelemnul.
 14918 | D:10     | Found a burning altar of Makhleb.
 15168 | Orc:1    | Entered Level 1 of the Orcish Mines
 15216 | Orc:1    | Paralysed by an orc sorcerer for 5 turns
 15789 | Orc:2    | Entered Level 2 of the Orcish Mines
 16064 | Orc:2    | Found Jynozim's General Store.
 16079 | Orc:2    | Bought a scroll of teleportation for 42 gold pieces
 16079 | Orc:2    | Bought a scroll of teleportation for 42 gold pieces
 16110 | Orc:2    | Noticed Saint Roka
 16151 | Orc:2    | Killed Saint Roka
 16460 | Orc:1    | Noticed Maurice
 16460 | Orc:1    | Noticed an orc warlord
 16467 | Orc:2    | Upgraded the game from 0.29-a0-1052-g6990b1bffc to
                  | 0.30-a0-1-g69b7b797bf
 16613 | Orc:2    | Found Uwafryoz's Antique Armour Emporium.
 17100 | Orc:1    | Received a gift from Okawaru
 17159 | Orc:2    | Reached skill level 10 in Armour
 17204 | Orc:2    | Noticed an orc warlord
 17224 | Orc:2    | Killed an orc warlord
 17227 | Orc:2    | Found Oqoineca's Antique Weapon Shop.
 17283 | Orc:2    | Found Xire's Book Shoppe.
 17292 | Orc:2    | Found a staircase to the Elven Halls.
 17552 | Orc:1    | Noticed Harold
 17567 | Orc:1    | Killed Harold
 17835 | Orc:2    | Bought a glowing broad axe for 175 gold pieces
 17835 | Orc:2    | Bought a pitted sling for 162 gold pieces
 17835 | Orc:2    | Identified the +2 sling of Tiseho {vorpal, Str-2 Int+7}
                  | (You bought it in a shop on level 2 of the Orcish Mines)
 18130 | D:11     | Reached XP level 14. HP: 118/124 MP: 19/19
 19948 | D:13     | Noticed Frances
 19974 | D:13     | Killed Frances
 21745 | D:14     | Received a gift from Okawaru
 21797 | D:14     | Noticed Roxanne
 22662 | D:14     | Found a gate to the Vaults.
 23033 | D:9      | Killed Maggie
 23298 | D:9      | Found a glowing golden altar of the Shining One.
 23557 | Lair:5   | Received a gift from Okawaru
 23726 | Lair:5   | Reached XP level 15. HP: 129/132 MP: 21/21
 23761 | Lair:5   | Found a staircase to the Slime Pits.
 24295 | Lair:5   | Reached skill level 15 in Axes
 25044 | Lair:5   | Received a gift from Okawaru
 25476 | Lair:5   | Found a corrupted altar of Lugonu.
 25476 | Lair:5   | Found a one-way gate to the infinite horrors of the Abyss.
 25594 | Slime:1  | Entered Level 1 of the Pits of Slime
 25594 | Slime:1  | Noticed an acid blob
 25788 | D:15     | Entered Level 15 of the Dungeon
 25812 | D:15     | Reached skill level 10 in Shields
 26121 | D:15     | Identified the +5 rapier of Ekhlacly {vorpal, rPois Dex+3}
 26152 | D:15     | Found a staircase to the Depths.
 27382 | D:15     | Noticed Josephine
 27401 | D:15     | Received a gift from Okawaru
 27420 | D:15     | Killed Josephine
 27581 | D:15     | Found an iron altar of Okawaru.
 27771 | Elf:1    | Entered Level 1 of the Elven Halls
 27776 | Elf:1    | Paralysed by an air elemental for 1 turns
 27797 | Elf:1    | Reached skill level 16 in Axes
 27799 | Elf:1    | Paralysed by an air elemental for 1 turns
 27804 | Orc:2    | Paralysed by an air elemental for 1 turns
 27810 | Orc:2    | Paralysed by an air elemental for 1 turns
 27815 | Orc:2    | Paralysed by an air elemental for 1 turns
 27817 | Orc:2    | Paralysed by an air elemental for 1 turns
 28225 | Orc:2    | Paralysed by an air elemental for 1 turns
 28231 | Orc:2    | Paralysed by an air elemental for 1 turns
 28585 | Swamp:1  | Entered Level 1 of the Swamp
 28585 | Swamp:1  | Noticed a thorn hunter
 28609 | Snake:1  | Entered Level 1 of the Snake Pit
 28613 | Snake:1  | Noticed Aizul
 28629 | Snake:1  | Killed from afar by Aizul

Illustrated notes

Levels and vault maps discovered:
D:1:      mrwooster_arrival_statue_3, layout_loops_ring,
          dreamdust_ecumenical_altar_hidden_monk_grotto, minmay_misc_feat_doors,
          corexii_hall_statues_u
D:2:      layout_basic, dk_vineyard_3, uniq_crazy_yiuf_cottage, uniq_jessica
D:3:      layout_loops_ring, mainiacjoe_overflow_cross_hatched,
          lemuel_coloured_pillars_altar, minmay_cut_off
D:4:      layout_basic, uniq_sigmund
D:5:      minmay_razor_zed, layout_cave_pools, uniq_menkaure
D:6:      layout_loops_ring, mainiacjoe_overflow_24_doors, ebering_ghost_sewer_d
D:7:      layout_basic, temple_pool_b
D:8:      layout_gridville, cheibrodos_ashenzari_chains, fiery_altar_vehumet,
          david_lair_shrubbed, minmay_ruffians
D:9:      layout_rooms, tso_metal_star, uniq_maggie
D:10:     layout_basic, lemuel_tele_altar, gammafunk_temple_overflow_statue,
          zombieorc2_lemuel, enter_trove_1
D:11:     layout_basic
D:12:     layout_roguey
D:13:     layout_stronghold, kennysheep_another_room, uniq_frances
D:14:     layout_loops_corners, david_vaults_5, hangedman_abyss_or_decor_clamps,
          uniq_roxanne
D:15:     grunt_enter_depths_hoard, layout_irregular_city, lemuel_round_altar,
          serial_bayou_pond_c, unseen_surprise_small, uniq_josephine
Temple:   compressed_dpeg_triangle_lava_temple
Lair:1:   layout_gridlike, beast_lair_carwin_1, grunt_megastairs_2
Lair:2:   layout_gridlike, swamp_mist_pool, dummy_snake_entry, uniq_erica
Lair:3:   gammafunk_indiana_jones, layout_small_grid,
          portal_ice_cave_entry_ice_simulacra, lemuel_fruit_fields
Lair:4:   layout_concentric_octagons
Lair:5:   hellmonk_lair_end_abyssal_woods, layout_gridlike, slime_entry_1,
          grunt_megastairs_5
Swamp:1:  layout_basic_swamp, evilmike_swamp_ruin_house_5, swamp_pool3
Snake:1:  layout_onion_interference, gammafunk_ghost_abyssal_escape,
          st_stairs_7, serial_bayou_shore_a, uniq_aizul
Slime:1:  cheibrodos_slime_lost_civilization_8, layout_caves
Orc:1:    layout_diamond_mine, uniq_harold, uniq_maurice
Orc:2:    grunt_orc_gardens, layout_caves, grunt_orc_garden, grunt_orc_garden,
          grunt_orc_garden, grunt_orc_garden, mines2_david, uniq_saint_roka
Elf:1:    minmay_elf_arrival_plus, layout_geoelf_octagon,
          hangedman_elf_disciples, minivault_25_ag, bh_hangedman_babel_library

Skill      XL: |  1  2  3  4  5  6  7  8  9 10 11 12 13 14 15 |
---------------+----------------------------------------------+-----
Shields        | 3 4 5 7 9 10 | 10.6
Axes           | 3 6 8 10 12 13 14 16 | 16.0
Dodging        | 1 3 5 |  5.0
Fighting       | 4 5 6 7 8 9 10 11 12 13 | 13.9
Armour         | 3 5 7 8 10 11 | 11.6
Invocations    | 2 5 7 8 9 |  9.3

Action                   |  1- 3 |  4- 6 |  7- 9 | 10-12 | 13-15 || total
-------------------------+-------+-------+-------+-------+-------++-------
Melee: War axe           |    63 |       |       |       |   228 ||   291
       Tailslap          |     8 |     5 |    30 |   129 |   295 ||   467
       Hand axe          |     6 |    85 |   225 |   666 |   391 ||  1373
       Halberd           |       |       |       |       |    97 ||    97
       Broad axe         |       |       |       |       |   611 ||   611
       Punch             |       |       |       |       |     6 ||     6
Throw: Throwing net      |       |       |       |     1 |       ||     1
Invok: Heroism           |       |       |       |     4 |     7 ||    11
       Finesse           |       |       |       |     2 |     4 ||     6
 Abil: Rolling Charge    |    20 |    27 |    40 |    66 |   153 ||   306
  Use: Scroll            |     2 |     3 |     6 |    10 |    18 ||    39
       Potion            |       |       |     1 |    10 |    15 ||    26
Armor: Scale mail        |    30 |     2 |       |       |       ||    32
       Steam dragon scal |       |    34 |    54 |       |       ||    88
       Plate armour      |       |       |    46 |   397 |   990 ||  1433
Dodge: Dodged            |    17 |    32 |    56 |   131 |   384 ||   620
Block: Buckler           |    12 |    17 |    39 |    75 |       ||   143
       Kite shield       |       |       |       |   204 |   702 ||   906
       Reflection        |       |       |       |       |    48 ||    48
       Other             |       |       |       |       |   119 ||   119

Table legend: (Time is in decaauts)
 A = Elapsed time spent in this place.
 B = Non-inter-level travel time spent in this place.
 C = Inter-level travel time spent in this place.
 D = Time resting spent in this place.
 E = Time spent auto-exploring this place.
 F = Levels seen in this place.
 G = Mean time per level.
                   A        B        C        D        E       F      G
               +--------+--------+--------+--------+--------+-----+--------+
         Total |  28421 |  26189 |   2232 |   5336 |  16035 |  28 | 1015.0 |
       Dungeon |  17069 |  15678 |   1391 |   2234 |  10909 |  15 | 1137.9 |
        Temple |     51 |     51 |      0 |      0 |      0 |   1 |   51.0 |
          Lair |   6940 |   6467 |    473 |   1217 |   4024 |   5 | 1388.0 |
         Swamp |      1 |      1 |      0 |      0 |      0 |   1 |    1.0 |
     Snake Pit |     19 |     19 |      0 |      0 |      0 |   1 |   19.0 |
    Slime Pits |      1 |      1 |      0 |      0 |      0 |   1 |    1.0 |
  Orcish Mines |   3412 |   3048 |    364 |   1500 |   1036 |   2 | 1706.0 |
   Elven Halls |     45 |     45 |      0 |      0 |      0 |   1 |   45.0 |
      Ice Cave |    880 |    880 |      0 |    385 |     65 |   1 |  880.0 |
               +--------+--------+--------+--------+--------+-----+--------+

Top non-repeatable levels by time:
  Lair:5: 2235 daAuts
    D:14: 2010 daAuts
   Orc:2: 1842 daAuts
    D:15: 1832 daAuts
     D:8: 1824 daAuts
   Orc:1: 1570 daAuts
  Lair:1: 1554 daAuts
    D:13: 1489 daAuts
  Lair:3: 1355 daAuts
     D:5: 1271 daAuts
     D:1: 1202 daAuts
     D:2: 1094 daAuts
     D:3: 1056 daAuts
  Lair:4: 971 daAuts
     D:6: 897 daAuts
